[Event "TUR-ch Veterans 2020"]
[Site "Antalya-Belek"]
[Date "2020.01.19"]
[Round "1"]
[White "Yilmaz, Turhan"]
[Black "Ozturk, Ali"]
[Result "1-0"]
[ECO "B82"]
[WhiteElo "2132"]
[BlackElo "1560"]
[Annotator "ChessBase"]
[PlyCount "73"]
[EventDate "2020.01.19"]
[EventCountry "TUR"]
[SourceTitle "playchess.com"]
[Source "ChessBase"]
[SourceQuality "1"]
[TimeControl "5400+30"]

1. e4 c5 2. Nf3 e6 3. d4 cxd4 4. Nxd4 a6 5. Nc3 Qc7 6. Bd3 Nf6 7. f4 d6 8. Be3 Be7 9. Qf3 Nbd7 10. g4 Nc5 11. g5 Nfd7 12. O-O-O b5 13. Kb1 Bb7 14. a3 Nb6 15. h4 d5 16. e5 Nc4 17. Bc1 Nxd3 18. Rxd3 b4 19. axb4 Bxb4 20. Na2 a5 21. h5 Ba6 22. g6 h6 23. gxf7+ Qxf7 24. Qh3 Bc8 25. Rg1 Bc5 26. Rg6 Bxd4 27. Rxd4 Rb8 28. Qg3 Rg8 29. b3 a4 30. b4 a3 31. f5 Qa7 32. Rdg4 Rb7 33. f6 Qb8 34. Rxg7 Rf8 35. Rg8 Rxb4+ 36. Nxb4 Qxb4+ 37. Ka2 1-0

[Event "TUR-ch Veterans 2020"]
[Site "Antalya-Belek"]
[Date "2020.01.19"]
[Round "1"]
[White "Pekun, Cem"]
[Black "Akinci, Ahmet"]
[Result "1-0"]
[ECO "B31"]
[WhiteElo "2061"]
[BlackElo "1355"]
[Annotator "NA"]
[PlyCount "117"]
[EventDate "2020.01.19"]
[EventCountry "TUR"]
[SourceTitle "playchess.com"]
[Source "ChessBase"]
[SourceQuality "1"]
[TimeControl "5400+30"]

1. e4 c5 2. Nf3 Nc6 3. Bb5 g6 4. O-O Bg7 5. Re1 a6 6. Bxc6 bxc6 7. h3 {[%emt 0:01:30] B31: Sicilian: 2...Nc6 3 Bb5 g6} (7. d3 e5 8. c3 d6 9. d4 cxd4 10. cxd4 exd4 11. e5 dxe5 12. Nxe5 Be6 13. Nxc6 Qb6 14. Qa4 Qb5 15. Qxb5 axb5 {½-½ (41) Timman,J (2630)-Ljubojevic,L (2625) Hilversum 1987}) 7... e6 $146 ({Predecessor:} 7... Nf6 8. Nc3 O-O 9. d3 d6 10. Bg5 e5 11. Na4 Rb8 12. c3 Qa5 13. Bd2 Qc7 14. Rc1 Be6 {½-½ (36) Krokay,U (1876)-Zurkiewicz,K Wroclaw 2013}) 8. d3 Rb8 9. c3 d5 10. Qc2 Qb6 11. Nbd2 a5 12. Rb1 Nf6 13. Nb3 Ba6 14. Be3 Nd7 15. d4 cxd4 16. cxd4 O-O 17. Bf4 Rbc8 18. Nc5 Nxc5 19. dxc5 Qb5 20. Bd6 Rfd8 21. e5 Re8 22. Re3 Qc4 23. Qxc4 Bxc4 24. b3 Ba6 25. Nd4 Bh6 26. Rf3 Kg7 27. a3 Bg5 28. b4 f6 29. bxa5 fxe5 30. Bxe5+ Kg8 31. Rb6 Bb5 32. a6 Bd8 33. Rb7 Re7 34. Bd6 Bxa6 35. Rxe7 Bxe7 36. Bxe7 e5 37. Nc2 d4 38. Bd6 Be2 $18 (38... d3 $16) 39. Rb3 Bd1 40. Rb2 Bxc2 41. Rxc2 d3 42. Rd2 e4 43. f3 Ra8 44. fxe4 Rxa3 45. Kf2 Kf7 46. Ke3 Ke6 47. Rxd3 Ra2 48. Kf3 Rc2 49. Rb3 h6 50. Rb7 h5 51. Re7+ Kf6 52. e5+ Kf5 53. Rf7+ Ke6 54. Rf6+ Kd7 55. e6+ Kc8 56. Rf8+ Kb7 57. e7 Rc3+ 58. Ke2 Rc2+ 59. Kd1 1-0

[Event "TUR-ch Veterans 2020"]
[Site "Antalya-Belek"]
[Date "2020.01.19"]
[Round "1"]
[White "Cetinkaya, Vedat Ali"]
[Black "Civi, Nevfel"]
[Result "1-0"]
[ECO "E51"]
[WhiteElo "2026"]
[BlackElo "1594"]
[Annotator "NA"]
[PlyCount "85"]
[EventDate "2020.01.19"]
[EventCountry "TUR"]
[SourceTitle "playchess.com"]
[Source "ChessBase"]
[SourceQuality "1"]
[TimeControl "5400+30"]

1. d4 Nf6 2. c4 e6 3. Nf3 d5 4. e3 Nc6 5. Nc3 Bb4 6. Bd3 a6 7. O-O O-O 8. Qe2 Be7 $146 {[%emt 0:01:30] E51: Nimzo-Indian: Rubinstein: 4...0-0 5 Nf3 d5} ({Predecessor:} 8... dxc4 9. Bxc4 Bd6 10. Rd1 Qe8 11. e4 e5 12. Bg5 Ng4 13. h3 exd4 14. Nd5 Nge5 15. Nxe5 Nxe5 16. Rxd4 Nxc4 17. Qxc4 b5 18. Qc3 c5 19. Rd3 c4 20. Re3 Be5 21. Ne7+ Qxe7 22. Bxe7 Bxc3 23. bxc3 {½-½ (23) Nguyen,A (2551)-Kostenko,P (2481) Jodhpur 2003}) 9. Rd1 Nb4 10. Bb1 b6 11. e4 Bb7 12. cxd5 exd5 13. e5 Ne8 14. a3 Nc6 15. Qc2 g6 16. Bh6 Ng7 17. Ba2 Na7 18. Qd2 Re8 19. Bg5 Ne6 20. Bh6 Nb5 21. Ne2 Rb8 22. Rac1 Rc8 23. Ne1 Bg5 24. Bxg5 Qxg5 25. f4 Qh6 26. a4 Na7 27. Rc3 c6 28. Rh3 Qf8 29. f5 gxf5 30. Bb1 Rc7 31. Bxf5 f6 32. Rh6 Rf7 33. Nf3 Ree7 34. Rf1 Bc8 35. Ng3 Ng5 36. Rxf6 Ne4 $18 37. Bxe4 Rxf6 38. exf6 Rxe4 39. Nxe4 dxe4 40. Qg5+ Kh8 41. Ne5 Be6 42. f7 c5 43. Qf6+ 1-0

[Event "TUR-ch Veterans 2020"]
[Site "Antalya-Belek"]
[Date "2020.01.19"]
[Round "1"]
[White "Yuksel, Mustafa"]
[Black "Emec, Sedat"]
[Result "1-0"]
[ECO "B06"]
[WhiteElo "2004"]
[BlackElo "1315"]
[Annotator "NA"]
[PlyCount "65"]
[EventDate "2020.01.19"]
[EventCountry "TUR"]
[SourceTitle "playchess.com"]
[Source "ChessBase"]
[SourceQuality "1"]
[TimeControl "5400+30"]

1. d4 d6 2. Nc3 g6 3. e4 e6 4. f4 f5 5. exf5 exf5 6. Nf3 Bg7 7. Bc4 Nf6 8. O-O d5 9. Re1+ Kf8 10. Bb3 c6 11. Ne5 Ne4 12. Nxe4 fxe4 13. Be3 Bxe5 14. fxe5 Kg7 15. Rf1 Rf8 16. Qd2 Rf5 17. g4 Rxf1+ 18. Rxf1 Bxg4 19. Bh6+ Kg8 20. Rf8+ Qxf8 21. Bxf8 Kxf8 22. Qg5 Bf5 23. Qf6+ Kg8 24. e6 Na6 25. Qf7+ Kh8 26. e7 h5 27. e8=Q+ Rxe8 28. Qxe8+ Kg7 29. Qe7+ Kh6 30. Qxb7 e3 31. Qxa6 Bg4 32. Qxc6 e2 33. Kf2 1-0

[Event "TUR-ch Veterans 2020"]
[Site "Antalya-Belek"]
[Date "2020.01.19"]
[Round "1"]
[White "Tozaki, Halil"]
[Black "Sahin, Ali Haydar"]
[Result "1-0"]
[ECO "A62"]
[WhiteElo "1880"]
[BlackElo "1329"]
[Annotator "NA"]
[PlyCount "91"]
[EventDate "2020.01.19"]
[EventCountry "TUR"]
[SourceTitle "playchess.com"]
[Source "ChessBase"]
[SourceQuality "1"]
[TimeControl "5400+30"]

1. d4 Nf6 2. Nf3 g6 3. c4 c5 4. Nc3 e6 5. g3 Na6 6. Bg2 Bg7 7. O-O O-O 8. d5 exd5 9. cxd5 d6 10. e4 Re8 11. Nd2 Nc7 12. a4 Na6 13. Nc4 Nc7 14. Bf4 Bf8 15. e5 Nh5 16. exd6 Nxf4 17. dxc7 Qxc7 18. d6 Bxd6 19. Qxd6 Qxd6 20. Nxd6 Nh3+ 21. Kh1 Rd8 22. Nxc8 Ng5 23. Ne7+ Kf8 24. Ned5 Ne6 25. Rfe1 Rab8 26. Rad1 a6 27. Nb6 Nd4 28. h4 Rd6 29. Ncd5 Rbd8 30. Rc1 Rc6 31. Rc3 Rdd6 32. a5 Nb5 33. Rce3 Nc7 34. Nc3 Rxb6 35. axb6 Rxb6 36. R1e2 Ne6 37. Re5 Rb4 38. Bd5 Nd4 39. Re8+ Kg7 40. R2e7 Rxb2 41. Rxf7+ Kh6 42. Ree7 Kh5 43. Rxb7 Rc2 44. Ne4 Kg4 45. Rf4+ Kh3 46. Ng5# 1-0

[Event "TUR-ch Veterans 2020"]
[Site "Antalya-Belek"]
[Date "2020.01.19"]
[Round "1"]
[White "Tasan, Mehmet Askin"]
[Black "Tepeli, Huseyin"]
[Result "1-0"]
[ECO "B12"]
[WhiteElo "1877"]
[BlackElo "1435"]
[Annotator "NA"]
[PlyCount "53"]
[EventDate "2020.01.19"]
[EventCountry "TUR"]
[SourceTitle "playchess.com"]
[Source "ChessBase"]
[SourceQuality "1"]
[TimeControl "5400+30"]

1. e4 c6 2. d4 d5 3. e5 Bf5 4. Ne2 e6 5. Ng3 Bg6 6. h4 h6 7. h5 Bh7 8. Bd3 Bxd3 9. cxd3 Qb6 10. Rh4 Nd7 11. Nc3 O-O-O 12. Na4 Qa5+ 13. Bd2 Bb4 14. Nc3 Qa6 15. Qf3 f5 16. Nge2 Ne7 17. a3 c5 18. Rc1 Ba5 19. b4 Bc7 20. bxc5 Nc6 21. Rh3 Qxa3 22. Nb5 Qb3 23. Nec3 Qb4 24. Nxc7 Nxd4 25. Qf4 Nxc5 26. Nxe6 Ncb3 27. Nxd5+ 1-0

[Event "TUR-ch Veterans 2020"]
[Site "Antalya-Belek"]
[Date "2020.01.19"]
[Round "1"]
[White "Oney, Gulumser"]
[Black "Buker, Muhittin"]
[Result "0-1"]
[ECO "A07"]
[WhiteElo "1555"]
[BlackElo "2008"]
[Annotator "NA"]
[PlyCount "74"]
[EventDate "2020.01.19"]
[EventCountry "TUR"]
[SourceTitle "playchess.com"]
[Source "ChessBase"]
[SourceQuality "1"]
[TimeControl "5400+30"]

1. Nf3 Nf6 2. g3 d5 3. Bg2 Bg4 4. d3 Nbd7 5. O-O e5 6. Nbd2 Bd6 {[%emt 0:00:00] A07: Réti Opening: New York and Capablanca Systems} (6... c6 7. h3 Bh5 8. Qe1 Bc5 9. Nh4 O-O 10. g4 Bg6 11. e3 Re8 12. Nxg6 hxg6 13. c4 Nf8 14. Nb3 Bb6 15. cxd5 cxd5 {1-0 (36) Almasi,Z (2721)-Shirov,A (2735) Warsaw 2010}) 7. Re1 O-O 8. e4 d4 $146 ({Predecessor:} 8... dxe4 9. Nxe4 Nxe4 10. Rxe4 Nf6 11. Re1 Re8 12. Bg5 h6 13. Bxf6 Qxf6 14. h3 {0-1 (48) Pavlova,N (1990)-Potapova,M (2060) Sochi 2016}) 9. h3 Bxf3 10. Nxf3 c5 11. Nh4 g6 12. Bg5 Qc7 13. Qd2 Rac8 14. Rf1 Nh5 15. Bf3 Ng7 16. Bh6 c4 17. dxc4 Qxc4 18. Nf5 Bb4 19. c3 dxc3 20. bxc3 Bxc3 21. Qxd7 gxf5 22. exf5 (22. Rad1 $14) 22... e4 23. Qe7 exf3 24. Qg5 Qd4 25. Rad1 Qf6 26. Qxf6 Bxf6 27. Rd6 Rc6 $19 28. Rxc6 bxc6 29. g4 Rc8 30. Rc1 Bd4 31. Rc4 c5 32. Rc2 f6 33. Bf4 Ne8 34. Kf1 Nc7 35. Ke1 Nd5 36. Bg3 Bc3+ 37. Kd1 Re8 0-1

[Event "TUR-ch Veterans 2020"]
[Site "Antalya-Belek"]
[Date "2020.01.19"]
[Round "1"]
[White "Saglam, Sami"]
[Black "Kocak, Sabri"]
[Result "0-1"]
[ECO "C45"]
[WhiteElo "1407"]
[BlackElo "2086"]
[Annotator "NA"]
[PlyCount "98"]
[EventDate "2020.01.19"]
[EventCountry "TUR"]
[SourceTitle "playchess.com"]
[Source "ChessBase"]
[SourceQuality "1"]
[TimeControl "5400+30"]

1. e4 e5 2. Nf3 Nc6 3. d4 exd4 4. Nxd4 Nf6 5. Nxc6 bxc6 6. Bd3 d5 7. e5 Ng4 8. Bf4 ({Predecessor:} 8. Qe2 Bc5 9. O-O Qe7 10. Bf4 g5 11. Bg3 h5 12. h3 h4 13. Bh2 Nxh2 14. Kxh2 g4 15. hxg4 Qg5 16. f4 Qxg4 {0-1 (44) Jakaityte,R (1980)-Sibajeva,M (1655) Lithuania 2014}) 8... Bc5 9. O-O g5 {[%emt 0:01:30] C45: Scotch Game} 10. Bg3 $146 (10. Bd2 O-O 11. Nc3 Nxe5 12. Qh5 Nxd3 13. cxd3 f6 14. Rac1 Bf5 15. Rfe1 Bxd3 16. Qh3 Bg6 17. Qe6+ {½-½ (57) Vachier Lagrave,M (2789)-Anand,V (2759) Paris 2018}) 10... h5 11. h3 h4 12. Bh2 Nxh2 13. Kxh2 g4 14. hxg4 Qg5 15. f4 Qxg4 16. Qxg4 Bxg4 17. Nd2 a5 18. f5 Be3 19. Nf3 Bf4+ 20. Kg1 h3 21. Kf2 hxg2 22. Rg1 Rh3 23. Be2 Bxf5 24. Rxg2 Ke7 25. Nd4 Be3+ 26. Ke1 Rh1+ 27. Bf1 Bxd4 28. Ke2 Rah8 29. c3 Bxe5 30. Rf2 Bc8 31. Kd3 Ba6+ 32. Kc2 Rxf1 33. Rfxf1 Bxf1 34. Rxf1 Ke6 35. Kb3 Rb8+ 36. Ka3 Bd6+ 37. b4 axb4+ 38. Kb3 bxc3+ 39. Kxc3 Be5+ 40. Kd3 Ra8 41. Rc1 Kd6 42. Rc2 c5 43. Kd2 c4 44. Ke3 Ra3+ 45. Ke2 f5 46. Kf2 Rh3 47. Kg1 Rc3 48. Re2 d4 49. Kg2 d3 0-1

[Event "TUR-ch Veterans 2020"]
[Site "Antalya-Belek"]
[Date "2020.01.19"]
[Round "1"]
[White "Savas, Kemal"]
[Black "Muratoglu, Salih"]
[Result "0-1"]
[ECO "B00"]
[WhiteElo "1312"]
[BlackElo "1967"]
[Annotator "NA"]
[PlyCount "112"]
[EventDate "2020.01.19"]
[EventCountry "TUR"]
[SourceTitle "playchess.com"]
[Source "ChessBase"]
[SourceQuality "1"]
[TimeControl "5400+30"]

1. e4 b6 2. Bc4 Bb7 3. d3 (3. Nc3 e6 4. d3 Bb4 5. Qg4 Bxc3+ 6. bxc3 Qf6 7. Ne2 d5 8. Bg5 Qg6 9. Nf4 f5 10. Qh4 Qf7 11. exd5 exd5 {1-0 (26) Gunina,V (2509)-Gaprindashvili,N (2275) Monaco 2019}) 3... e6 4. Nf3 Nf6 5. O-O Be7 6. Re1 {[%emt 0:00:30] B00: Queen's Fianchetto Defence, Nimzowitsch Defence} d6 7. Nbd2 $146 ({Predecessor:} 7. Nc3 O-O 8. Nd4 c5 9. Nde2 d5 10. exd5 exd5 {1-0 (27) Cemborain Oricain,A (1895)-Otazu Ojer,J (1975) Spain 1999}) 7... Nbd7 8. d4 e5 9. c3 c5 10. Qb3 O-O 11. Ng5 Qe8 12. d5 a6 13. a4 h6 14. Ngf3 Nh5 15. Nf1 f5 16. exf5 Rxf5 17. Bd3 Rf8 18. c4 Nf4 19. Bxf4 Rxf4 20. Qc2 Qf8 21. Bh7+ Kh8 22. Ra3 g5 23. Re4 Rf6 24. Re2 b5 25. Rb3 b4 26. Ng3 Qf7 27. Be4 Rf8 28. h3 Rf4 29. Nh2 Nb6 30. Rbe3 h5 31. b3 Kg7 32. Rf3 Bc8 33. Rxf4 exf4 34. Nf5+ $14 Bxf5 35. Bxf5 Bf6 36. Re6 Nc8 37. Nf3 Ne7 38. Rxd6 Bc3 39. Be6 Qf6 40. Rxa6 g4 41. hxg4 hxg4 42. Nd2 Bxd2 43. Qd1 g3 44. Qg4+ Qg6 45. Qxg6+ Nxg6 46. d6 Ne5 47. d7 Bc3 48. Rd6 Rd8 49. a5 Kf8 50. a6 Ke7 51. Rb6 Nxd7 52. Bxd7 Rxd7 53. Kf1 Rd1+ 54. Ke2 Rd2+ 55. Kf1 Rxf2+ 56. Kg1 Re2 0-1

[Event "TUR-ch Veterans 2020"]
[Site "Antalya-Belek"]
[Date "2020.01.19"]
[Round "1"]
[White "Dumludas, Cahit"]
[Black "Guner, Bulent"]
[Result "0-1"]
[ECO "C46"]
[WhiteElo "1304"]
[BlackElo "1964"]
[Annotator "NA"]
[PlyCount "46"]
[EventDate "2020.01.19"]
[EventCountry "TUR"]
[SourceTitle "playchess.com"]
[Source "ChessBase"]
[SourceQuality "1"]
[TimeControl "5400+30"]

1. e4 e5 2. Nf3 Nc6 3. Nc3 g6 4. Bc4 Bg7 5. d3 Nge7 6. h3 d6 7. Bd2 h6 8. a3 Be6 9. Bxe6 fxe6 10. O-O Qd7 11. Ne2 O-O-O 12. c3 g5 13. Nh2 Ng6 14. Ng3 Rdf8 15. Nh5 Nf4 16. Be3 Qf7 17. Nxg7 Qxg7 18. Bxf4 Rxf4 19. g3 Rf7 20. Qg4 Rf6 21. f4 exf4 22. gxf4 h5 23. Qxg5 Rg6 0-1

[Event "TUR-ch Veterans 2020"]
[Site "Antalya-Belek"]
[Date "2020.01.19"]
[Round "1"]
[White "Yilmaz, Huseyin"]
[Black "Cicek, Cemil"]
[Result "0-1"]
[ECO "D30"]
[WhiteElo "1280"]
[BlackElo "1940"]
[Annotator "NA"]
[PlyCount "60"]
[EventDate "2020.01.19"]
[EventCountry "TUR"]
[SourceTitle "playchess.com"]
[Source "ChessBase"]
[SourceQuality "1"]
[TimeControl "5400+30"]

1. d4 d5 2. c4 e6 3. Nf3 c6 4. a3 dxc4 5. Nc3 Nd7 6. e4 b5 7. Bg5 Qb6 8. Be2 Bb7 9. O-O Ngf6 10. Be3 Qc7 11. d5 exd5 12. exd5 Nxd5 13. Nxd5 cxd5 14. Nd4 a6 15. Bf3 Bc5 16. Nf5 O-O 17. Re1 Nf6 18. Bd4 Bxd4 19. Qxd4 Rfe8 20. g4 Qd7 21. Nxg7 Kxg7 22. g5 Qf5 23. gxf6+ Qxf6 24. Qxf6+ Kxf6 25. Rad1 Re5 26. Rf1 Rg8+ 27. Kh1 Rf5 28. Bg2 h5 29. f4 h4 30. Bh3 d4+ 0-1

[Event "TUR-ch Veterans 2020"]
[Site "Antalya-Belek"]
[Date "2020.01.19"]
[Round "1"]
[White "Ucar, Mehmet Ali"]
[Black "Tofan, Ibrahim"]
[Result "0-1"]
[ECO "C01"]
[WhiteElo "1237"]
[BlackElo "2082"]
[Annotator "NA"]
[PlyCount "38"]
[EventDate "2020.01.19"]
[EventCountry "TUR"]
[SourceTitle "playchess.com"]
[Source "ChessBase"]
[SourceQuality "1"]
[TimeControl "5400+30"]

1. e4 e6 2. Nf3 d5 3. exd5 exd5 4. d4 Bd6 5. c4 Nf6 6. Bg5 O-O 7. c5 Be7 8. Be2 b6 9. b4 a5 10. Ne5 axb4 11. c6 Ne4 12. Bxe7 Qxe7 13. O-O f6 14. Nd7 Nxd7 15. cxd7 Bxd7 16. f3 Ba4 17. Qd3 Nd6 18. Nd2 Bb5 19. Qc2 Qxe2 0-1

[Event "TUR-ch Veterans 2020"]
[Site "Antalya-Belek"]
[Date "2020.01.20"]
[Round "2"]
[White "Kocak, Sabri"]
[Black "Topaloglu, Hayati"]
[Result "1-0"]
[ECO "C11"]
[WhiteElo "2086"]
[BlackElo "1750"]
[Annotator "NA"]
[PlyCount "119"]
[EventDate "2020.01.19"]
[EventCountry "TUR"]
[SourceTitle "playchess.com"]
[Source "ChessBase"]
[SourceQuality "1"]
[TimeControl "5400+30"]

1. e4 e6 2. d4 d5 3. Nc3 Nf6 4. e5 Nfd7 5. f4 c5 6. Nf3 Nc6 7. Be3 cxd4 8. Nxd4 Nxd4 9. Bxd4 a6 10. Qd2 b5 {[%emt 0:04:30] C11: French: Classical System: 4 e5 and 4 Bg5 dxe4} 11. a3 Nb6 $146 ({Predecessor:} 11... Nb8 12. Bd3 Nc6 13. Bf2 Bd7 14. O-O Be7 15. Ne2 b4 16. a4 Na5 17. f5 exf5 {½-½ (26) Kramnik,V (2777)-Bischoff,K (2561) Brissago 2004}) 12. Bd3 Qc7 13. Qf2 Nd7 14. b4 Rb8 15. O-O g6 $2 (15... Nb6 $16) 16. g4 Bg7 17. Rae1 O-O 18. Qg3 f6 19. exf6 Bxf6 20. Qe3 Bxd4 21. Qxd4 Qb6 22. Ne2 Nf6 23. h3 Bd7 24. Qxb6 Rxb6 25. Nd4 Kf7 26. f5 (26. Re5 $16) 26... gxf5 27. gxf5 exf5 28. Nxf5 Re8 29. Rxe8 Bxe8 30. Ne3 Kg7 31. Rf5 Bf7 32. Rg5+ Kf8 33. Kg2 Be6 34. Nf5 Ne4 35. Bxe4 dxe4 36. Nd4 Kf7 37. h4 Kf6 38. Kf2 h6 39. Rh5 Kg6 40. Re5 Kf6 41. Rxe4 ({Don't blunder} 41. Rxe6+ $2 Rxe6 42. Ke3 (42. Nxe6 $2 Kxe6 43. Ke2 Ke5 $19) 42... Re5 $19) 41... Bd5 42. Rf4+ Ke5 43. Ke3 Rg6 44. Rf5+ Kd6 45. Ne2 Re6+ 46. Kd2 Be4 47. Rf8 Ke5 48. Rd8 ({White should play} 48. Ke3 $16) 48... Bd5 $2 (48... Rg6 $14) 49. Rxd5+ Kxd5 50. Nf4+ {[%emt 0:00:02] Double Attack} Ke5 51. Nxe6 Kxe6 52. Kd3 Kd5 53. h5 Ke5 54. c4 bxc4+ 55. Kxc4 Kd6 56. a4 Kc6 57. Kd4 Kd6 58. Ke4 Ke6 59. b5 axb5 60. axb5 1-0

[Event "TUR-ch Veterans 2020"]
[Site "Antalya-Belek"]
[Date "2020.01.20"]
[Round "2"]
[White "Tofan, Ibrahim"]
[Black "Onem, Cem"]
[Result "1-0"]
[ECO "A20"]
[WhiteElo "2082"]
[BlackElo "1805"]
[Annotator "NA"]
[PlyCount "107"]
[EventDate "2020.01.19"]
[EventCountry "TUR"]
[SourceTitle "playchess.com"]
[Source "ChessBase"]
[SourceQuality "1"]
[TimeControl "5400+30"]

1. c4 e5 2. g3 Nf6 3. Bg2 c6 4. d4 e4 5. Nc3 (5. Bg5 d5 6. Bxf6 Bb4+ 7. Nc3 Qxf6 8. e3 Bxc3+ 9. bxc3 Qe7 10. cxd5 cxd5 11. Ne2 Be6 12. O-O Nd7 {½-½ (39) So,W (2760)-Giri,A (2776) Bucharest 2019}) 5... d5 6. Bg5 {[%emt 0:02:30] A20: English Opening: 1...e5} Bb4 7. Qb3 Bxc3+ 8. bxc3 Nbd7 9. e3 h6 10. Bxf6 Nxf6 11. Ne2 O-O $146 ({Predecessor:} 11... Qc7 12. h3 h5 {1-0 (43) Markensten,M (1647)-Nielsen,J (1630) Runavik 2017}) 12. O-O dxc4 13. Qxc4 Be6 14. Qb4 Bg4 15. Rfe1 Qd7 16. c4 Rab8 17. Nc3 Bf3 18. Qb1 Bxg2 19. Kxg2 Qf5 20. a4 h5 21. Qd1 Rfe8 22. Ra2 g6 23. Rd2 h4 24. h3 Kg7 25. g4 Qa5 26. Qa1 Kg8 27. d5 Rbd8 28. Red1 Rd6 (28... Nh7 $16) 29. Qa3 (29. dxc6 $18 Rxc6 30. Nb5) 29... Rd7 30. Rd4 cxd5 31. Nxd5 Nxd5 32. Rxd5 ({Resist} 32. cxd5 $6 f5 $14) 32... Rxd5 33. Rxd5 Qc7 (33... Qa6 $1 $14) 34. Qb4 b6 35. c5 bxc5 36. Rxc5 Qd6 37. Qc4 (37. Qc3 $1 $14) 37... Qd1 38. Rc8 Qf3+ 39. Kg1 Rxc8 40. Qxc8+ Kg7 41. Qc3+ Kg8 42. Qd4 a5 (42... a6 $11) 43. Qd8+ Kg7 44. Qxa5 f5 $2 (44... Qd1+ {is more resistant.} 45. Kh2 Qe2 46. Qe5+ Kg8) 45. Qc7+ Kg8 46. Qd8+ Kf7 47. Qd5+ Kg7 48. Qe5+ Kf7 49. g5 $18 Qxh3 50. Qf6+ Ke8 51. Qxg6+ Kd7 52. Qh5 f4 53. Qf7+ Kc6 54. Qxf4 1-0

[Event "TUR-ch Veterans 2020"]
[Site "Antalya-Belek"]
[Date "2020.01.20"]
[Round "2"]
[White "Buker, Muhittin"]
[Black "Ozakay, Ozer"]
[Result "1-0"]
[ECO "D37"]
[WhiteElo "2008"]
[BlackElo "1673"]
[Annotator "NA"]
[PlyCount "67"]
[EventDate "2020.01.19"]
[EventCountry "TUR"]
[SourceTitle "playchess.com"]
[Source "ChessBase"]
[SourceQuality "1"]
[TimeControl "5400+30"]

1. d4 Nf6 2. c4 e6 3. Nf3 d5 4. Nc3 Be7 5. Bf4 c6 6. e3 O-O 7. Bd3 Nbd7 8. O-O dxc4 9. Bxc4 Nd5 {[%emt 0:00:30] D37: Queen's Gambit Declined: 5 Bf4} 10. Bg3 N7b6 (10... N7f6 11. Bd3 Qa5 12. Ne5 c5 13. Nxd5 exd5 14. dxc5 Qxc5 15. Qb3 Nh5 16. Rac1 Qa5 17. Nf3 Nxg3 18. hxg3 {½-½ (46) Jankovic,A (2557)-Vajda,L (2566) Hungary 2016}) 11. Bb3 $146 ({Predecessor:} 11. Bd3 g6 12. Ne4 Nf6 13. Nxf6+ Bxf6 14. Rc1 Be7 15. e4 f5 16. Qd2 g5 17. exf5 exf5 {1-0 (48) Barbot,P (2445)-Gomez Jurado,L (2272) La Massana 2015}) 11... Bd6 12. e4 Nxc3 13. bxc3 Bxg3 14. hxg3 Qe7 15. Qd3 Rd8 16. c4 Nd7 17. Bc2 e5 18. Rfd1 Nc5 19. Qa3 exd4 20. Nxd4 Re8 21. Rd2 Be6 22. Rad1 g6 23. Qc3 Rad8 24. f3 h5 25. Bb3 Qg5 26. Bc2 h4 27. gxh4 Qxh4 28. Qa5 Qe7 29. Nxc6 bxc6 30. Rxd8 Rxd8 31. Qxd8+ Qxd8 32. Rxd8+ Kg7 33. Bb3 Kf6 34. Rd6 $18 1-0

[Event "TUR-ch Veterans 2020"]
[Site "Antalya-Belek"]
[Date "2020.01.20"]
[Round "2"]
[White "Muratoglu, Salih"]
[Black "Buyukgokcesu, Tahir Sami"]
[Result "1-0"]
[ECO "A55"]
[WhiteElo "1967"]
[BlackElo "1618"]
[Annotator "NA"]
[PlyCount "107"]
[EventDate "2020.01.19"]
[EventCountry "TUR"]
[SourceTitle "playchess.com"]
[Source "ChessBase"]
[SourceQuality "1"]
[TimeControl "5400+30"]

1. d4 Nf6 2. c4 d6 3. Nc3 Nbd7 4. e4 e5 5. Nf3 c6 6. h3 Be7 {[%emt 0:00:30] A55: Old Indian Defence with Nf3 and e4} (6... g6 7. Be3 Bg7 8. g3 O-O 9. Bg2 b5 10. dxe5 dxe5 11. Nd2 a6 12. O-O Bb7 13. Nb3 Rc8 14. Qe2 {½-½ (37) Miezis,N (2533)-Markus,R (2620) Nova Gorica 2010}) 7. Be3 Qc7 8. Be2 Nf8 9. Qd3 $146 ({Predecessor:} 9. Qd2 Ng6 10. O-O O-O 11. Rac1 Bd7 12. a3 a5 13. Ne1 exd4 14. Bxd4 Ne8 15. f4 Bf6 16. Nf3 Bxd4+ 17. Nxd4 Nf6 18. Kh1 {0-1 (38) Kharlamov,V-Westman,L (1700) Heraklion 2019}) 9... Ng6 10. O-O O-O 11. Rad1 b6 12. b4 a5 13. a3 axb4 14. axb4 Rd8 15. Qd2 Bb7 16. d5 c5 17. bxc5 bxc5 18. g3 Bc8 19. Kg2 Qd7 20. Ng1 Qc7 21. Qc2 Bd7 22. f4 (22. Ra1 $14 {stays ahead.}) 22... Ra3 (22... exf4 $15 23. gxf4 Ra3) 23. Ra1 Qa5 24. Rxa3 Qxa3 25. Bc1 Qa5 26. f5 Nf8 27. g4 Ne8 28. g5 f6 29. h4 Rb8 30. Bd2 Qd8 31. Nh3 Rb7 32. Rf3 Qb8 33. Bc1 Qd8 34. Rg3 Kh8 (34... Nc7 $16) 35. Bd1 Nc7 36. Qe2 Be8 37. Qg4 Na6 38. h5 fxg5 39. Nxg5 Bf6 40. Ne6 Qe7 41. h6 g6 42. Be2 Nb4 43. Nb5 Nc2 {[%emt 0:01:33] [#]} 44. Bg5 $1 Rd7 45. Bd1 Nd4 46. Nxf8 Qxf8 47. fxg6 hxg6 48. Nxd4 exd4 49. Bxf6+ Qxf6 50. Rf3 Qe7 $1 51. Qf4 (51. Ba4 $11 {remains equal.} Rd8 52. Bc6) 51... Kh7 52. Rb3 Rd8 53. Bg4 Qe5 $2 (53... Bf7 $11) 54. Rb7+ 1-0

[Event "TUR-ch Veterans 2020"]
[Site "Antalya-Belek"]
[Date "2020.01.20"]
[Round "2"]
[White "Guner, Bulent"]
[Black "Demir, Zeki"]
[Result "1/2-1/2"]
[ECO "D12"]
[WhiteElo "1964"]
[BlackElo "1703"]
[Annotator "NA"]
[PlyCount "60"]
[EventDate "2020.01.19"]
[EventCountry "TUR"]
[SourceTitle "playchess.com"]
[Source "ChessBase"]
[SourceQuality "1"]
[TimeControl "5400+30"]

1. d4 d5 2. c4 c6 3. Nf3 Nf6 4. e3 Bf5 5. Nc3 e6 6. Bd3 Bxd3 7. Qxd3 Bb4 8. Bd2 {[%emt 0:01:00] D12: Slav Defence: 3 Nf3 Nf6 4 e3 Bf5} (8. O-O O-O 9. Bd2 Ba5 10. a3 Nbd7 11. Rfe1 h6 12. Rad1 a6 13. b4 Bc7 14. e4 Nb6 15. c5 dxe4 16. Nxe4 Nbd5 17. Ng3 {0-1 (81) Nenezic,M (2495)-Mamedov,R (2699) Batumi 2018}) 8... Bxc3 9. Bxc3 Ne4 10. O-O O-O 11. Nd2 f5 12. f3 Nxc3 $146 ({Predecessor:} 12... Ng5 13. e4 Na6 14. cxd5 cxd5 15. exf5 Rxf5 16. Rae1 Nc7 17. Ba5 b6 18. Bb4 Qd7 19. Qe3 Nf7 20. f4 a5 {½-½ (20) Mazalon,M (2165)-Grycel,K (2290) Ustron 2003}) 13. bxc3 Nd7 14. e4 Qa5 15. exd5 exd5 16. c5 Rae8 17. Rfe1 g6 18. Nb3 Qd8 19. Rab1 Rxe1+ 20. Rxe1 Re8 21. Qd2 Rxe1+ 22. Qxe1 Kf7 23. Qe3 b6 24. Qh6 Nf8 25. g3 Qe7 26. Kf2 Ke8 27. Qf4 Ne6 28. Qb8+ Kf7 29. cxb6 axb6 30. Qxb6 (30. Nc1 $1 $14) 30... Qa3 $11 1/2-1/2